AoeStats
← morignor13

MegaRandom

509385035Analyzed
4v4 RM · 5d ago on Sep 26, 2026· 19m 59s· 8 players
Game mode
Random Map
Map size
Large (8 player)
Population
200
Speed
Normal
Resources
Standard
Victory
Conquest
Starting age
Dark Age
Ending age
Imperial Age
RankedLock teamsTeams togetherTeam positionsShared explorationLock speedFull tech treeHidden civsTurbo modeCheats
Victory
Defeat
🇪🇸 Wei · Spain
1019
+14
🇸🇪 Danes · Sweden
958
+17
🇬🇷 Franks · Greece
951
+17
🇸🇪 Saxons · Sweden
924
+18
🇬🇧 Cumans · United Kingdom
1026
-18
🇨🇳 Italians · China
989
-17
🇮🇩 Huns · Indonesia
969
-16
🇨🇳 Magyars · China
932
-15
ddmgsxis89228
2:21 Loom
10:30 Feudal Age
14:31 Castle Age
13:51 Stone Mining
19:07 Marauders
Edison
0:36 Loom
9:54 Feudal Age
11:04 Double-Bit Axe
11:02 Horse Collar
14:34 Wheelbarrow
Aya
11:33 Feudal Age
12:28 Double-Bit Axe
12:26 Horse Collar
15:38 Castle Age
949463290
9:03 Feudal Age
9:41 Double-Bit Axe
morignor13
8:50 Feudal Age
10:30 Double-Bit Axe
15:48 Castle Age
17:12 Husbandry
20:17 Forging
20:12 Scale Barding Armor
Shusai
9:29 Feudal Age
11:15 Loom
15:08 Castle Age
13:56 Wheelbarrow
13:08 Double-Bit Axe
13:05 Horse Collar
15:18 Pikeman
THAI-MING
8:56 Feudal Age
9:12 Feudal Age
9:37 Man-at-Arms
10:02 Man-at-Arms
10:27 Arson
10:45 Double-Bit Axe
12:14 Scale Mail Armor
12:25 Forging
19:26 Horse Collar
CTM | sergiobcn
0:41 Loom
9:51 Feudal Age
14:52 Castle Age
13:20 Gold Mining
14:10 Scale Barding Armor
15:08 Double-Bit Axe
15:23 Horse Collar
17:44 Bloodlines
19:31 Wheelbarrow
19:36 Forging
19:59 Husbandry
Connection lost

Rejoining the realm…

Still unreachable

The connection could not be restored.

Session expired

The server has moved on; the page needs a fresh start.